 Dungeon Crawl Stone Soup version 0.23-a0-241-g3b46b07 (webtiles) character file.

15084 PurpleRed the Grappler (level 12, -21/79 HPs)
             Began as an Octopode Wanderer on Sept 26, 2018.
             Was an Elder of Cheibriados.
             Demolished by a komodo dragon (27 damage)
             ... on level 1 of the Lair of Beasts.
             The game lasted 01:04:52 (17765 turns).

PurpleRed the Grappler (Octopode Wanderer)         Turns: 17765, Time: 01:04:52

Health: -21/79     AC:  3    Str: 24    XL:     12   Next: 23%
Magic:  5/16       EV: 17    Int: 25    God:    Cheibriados [****..]
Gold:   471        SH: 15    Dex: 20    Spells: 2/17 levels left

rFire    + . .     SeeInvis .     - Unarmed
rCold    . . .     Gourm    .   y - +2 shield
rNeg     . . .     Faith    .   g - +2 hat
rPois    .         Spirit   .   (no amulet)
rElec    .         Reflect  .   e - ring of wizardry
rCorr    .         Harm     .   A - ring of protection from fire
MR       .....                  (no ring)
Stlth    +++.......             (no ring)
HPRegen  0.23/turn              (no ring)
MPRegen  0.15/turn              (no ring)
                                (no ring)
                                (no ring)

@: very slow
A: almost no armour, stealthy swim, amphibious, 8 rings, constrict 8, camouflage
1, gelatinous body 1
a: Bend Time, Temporal Distortion, Slouch, Renounce Religion


You were on level 1 of the Lair of Beasts.
You worshipped Cheibriados.
Cheibriados was greatly pleased with you.
You were not hungry.

You visited 2 branches of the dungeon, and saw 12 of its levels.
You also visited: Sewer.

You collected 471 gold pieces.

Inventory:

Hand Weapons
 m - a +1 short sword of protection
 D - a +7 blowgun
Missiles
 b - 149 arrows
 l - 3 throwing nets (quivered)
 r - 2 curare-tipped needles
 s - 66 poisoned needles
Armour
 g - a +2 hat (worn)
 y - a +2 shield (worn)
Magical Staves
 E - an uncursed staff of death
Jewellery
 e - a ring of wizardry (left tentacle)
 A - a ring of protection from fire (right tentacle)
Wands
 d - a wand of flame (12)
 o - a wand of clouds (2)
 t - a wand of enslavement (12)
 z - a wand of acid (2)
Scrolls
 a - 4 scrolls of amnesia
 f - a scroll of fog
 k - a scroll of fear
 n - 12 scrolls of remove curse
 v - a scroll of teleportation
 C - 3 scrolls of enchant armour
Potions
 h - 3 potions of lignification
 i - 3 potions of brilliance
 j - 2 potions of agility
 p - 3 potions of flight
 q - 2 potions of heal wounds
 u - 2 potions of cancellation
 w - 2 potions of curing
 x - a potion of mutation
 B - a potion of magic {unknown}
Comestibles
 c - 11 rations


   Skills:
 - Level 6.0 Fighting
   Level 2.0 Maces & Flails
 - Level 7.0 Dodging
 - Level 1.3 Stealth
 + Level 9.1 Shields
 + Level 11.9 Unarmed Combat
 - Level 3.0 Spellcasting
 - Level 3.0 Conjurations
   Level 1.0 Hexes
 - Level 2.0 Summonings
 - Level 5.1 Fire Magic
 - Level 4.0 Poison Magic
 - Level 4.0 Invocations


You had 2 spell levels left.
You knew the following spells:

 Your Spells              Type           Power        Failure   Level  Hunger
a - Magic Dart            Conj           ###.         2%          1    None
b - Call Imp              Summ           ##......     6%          2    ##.....
c - Mephitic Cloud        Conj/Pois/Air  ###.....     10%         3    ###....
d - Conjure Flame         Conj/Fire      ###.....     4%          3    ###....
e - Blink                 Tloc           N/A          13%         2    ##.....
f - Sticky Flame          Conj/Fire      ###.....     16%         4    ####...

Your spell library contained the following spells:

 Spells                   Type           Power        Failure   Level  Hunger
 Flame Tongue             Conj/Fire      ###..        1%          1    None
 Sting                    Conj/Pois      ###.         1%          1    None
 Throw Flame              Conj/Fire      ###...       2%          2    ##.....
 Poisonous Vapours        Pois/Air       ##....       6%          2    ##.....
 Slow                     Hex            #.......     9%          2    ##.....
 Inner Flame              Hex/Fire       ###.....     8%          3    ###....
 Olgreb's Toxic Radiance  Pois           ###.....     16%         4    ####...
 Fireball                 Conj/Fire      ###.......   41%         5    ######.
 Venom Bolt               Conj/Pois      ###.......   45%         5    ######.


Dungeon Overview and Level Annotations

Branches:
Dungeon (11/15)            Temple (0/1) D:7            Lair (1/6) D:11
    Orc (0/2) D:9

Altars:
Ashenzari
Cheibriados
Dithmenos
Fedhas
Gozag
Hepliaklqana
Nemelex Xobeh
Qazlal
Ru
Sif Muna
Trog
Uskayaw
Vehumet
Wu Jian
Yredelemnul

Shops:
D:4 [   D:7 (   D:10 }   D:11 %

Portals:
Trove: D:11 (give 18 scrolls of teleportation)

Annotations:
D:8 2 transporters, Pyrris's ghost, novice DsGl
Lair:1 3 runed doors


Innate Abilities, Weirdness & Mutations

You cannot wear most types of armour.
You are very stealthy in the water. (Stealth+)
You are amphibious.
You can wear up to eight rings at the same time.
You can use your tentacles to constrict eight enemies at once.
Your skin changes colour to match your surroundings (Stealth+).
Your rubbery body absorbs attacks. (AC +1, EV +1)


Message History

Press: ? - help, Shift-Dir - straight line, f/p - komodo dragon
Aim: a komodo dragon (almost dead)
The puff of flame misses the komodo dragon.
Okay, then.
Okay, then.
Evoke which item? (* to show all) (? for menu, Esc to quit)
Aiming: Corrosive Bolt
Press: ? - help, Shift-Dir - straight line, f/p - komodo dragon
Aim: a komodo dragon (almost dead)
The bolt of acid hits the komodo dragon.
The komodo dragon appears unharmed.
The komodo dragon is almost dead.
The komodo dragon closely misses you.
Evoke which item? (* to show all) (? for menu, Esc to quit)
Aiming: Corrosive Bolt
Press: ? - help, Shift-Dir - straight line, f/p - komodo dragon
Aim: a komodo dragon (almost dead)
The bolt of acid misses the komodo dragon.
The komodo dragon bites you!!
You die...

...#### #. ..## #.# ###
## #.### .####....#
...... ..........##
#.#.... ...........#
#.#..... ...##.##...#
##.#......
..##.8.##..####.#.......
........#...##.#@l......
...8.>.8#......#........
..#.....#.....##........
..##....#....#..........
.รท###+.#....###.........
##.......##.# #.........
#.........#.# #..###+++#
...##.##....# ##.#...
#..#...##.#.... #


l You could see a komodo dragon.

Vanquished Creatures
  Harold (D:8)
  2 hydras (Lair:1)
  A two-headed ogre (D:9)
  2 gargoyles (D:11)
  2 spiny frogs (Lair:1)
  2 komodo dragons (Lair:1)
  A troll (D:9)
  Prince Ribbit (D:7)
  4 blink frogs (Lair:1)
  2 hippogriffs
  6 yaks (Lair:1)
  A hungry ghost (D:10)
  Menkaure (D:7)
  A water moccasin (D:6)
  6 porcupines
  Duvessa (D:7)
  7 orc warriors
  A sky beast (D:11)
  3 ice beasts
  3 black bears (D:11)
  2 phantoms
  8 ogres
  2 necrophages
  A centaur (D:11)
  5 crocodiles
  5 big kobolds
  10 bullfrogs
  5 gnoll sergeants
  Dowan (D:7)
  A scorpion (D:4)
  6 howler monkeys
  15 wights
  4 crimson imps
  9 hounds
  3 centaur zombies
  4 jellies
  A bullfrog zombie (D:8)
  8 orc wizards
  A bullfrog skeleton (D:6)
  4 orc priests
  Ijyb (D:5)
  3 iguanas
  6 worker ants
  A hound skeleton (D:10)
  A worker ant zombie (D:11)
  7 gnolls (D:9)
  14 adders
  A shadow imp (D:8)
  An ooze (D:4)
  2 adder skeletons
  3 worms (D:3)
  A dart slug (D:1)
  4 leopard geckos
  35 orcs
  5 bats
  11 giant cockroaches
  2 gnoll zombies (D:8)
  6 hobgoblins
  15 jackals
  A quokka (D:9)
  3 ball pythons
  9 frilled lizards
  10 goblins
  17 kobolds
  A leopard gecko skeleton (D:4)
  A quokka skeleton (D:5)
  2 quokka zombies
  22 rats
  2 fungi (D:11)
330 creatures vanquished.

Vanquished Creatures (collateral kills)
  A hornet (D:7)
  A porcupine (D:11)
  An ogre (D:4)
  A bullfrog (D:8)
  2 wights (D:8)
  An orc wizard (D:6)
  2 adders (D:2)
  4 gnolls (D:2)
  A leopard gecko (D:7)
  An orc (D:6)
  A giant cockroach (D:8)
  2 jackals (D:6)
18 creatures vanquished.

Vanquished Creatures (others)
  15 fungi
  3 plants
18 creatures vanquished.

Grand Total: 366 creatures vanquished

Notes
Turn   | Place    | Note
-------+----------+-------------------------------------------
     0 | D:1      | PurpleRed the Octopode Wanderer began the quest for the
                  | Orb.
     0 | D:1      | PurpleRed set off with: a +0 mace, a ration
     0 | D:1      | Reached XP level 1. HP: 16/16 MP: 1/1
    62 | D:1      | Learned a level 1 spell: Magic Dart
    71 | D:1      | Reached skill level 1 in Unarmed Combat
    71 | D:1      | Reached XP level 2. HP: 21/21 MP: 0/3
    81 | D:1      | Reached skill level 1 in Spellcasting
    96 | D:1      | Learned a level 2 spell: Call Imp
   742 | D:1      | Reached XP level 3. HP: 20/26 MP: 5/5
   938 | D:2      | Reached skill level 2 in Unarmed Combat
  1051 | D:2      | Reached XP level 4. HP: 31/31 MP: 4/7
  1881 | D:2      | Reached skill level 3 in Unarmed Combat
  2162 | D:2      | Learned a level 3 spell: Mephitic Cloud
  2177 | D:3      | Reached XP level 5. HP: 36/36 MP: 9/9
  2372 | D:3      | Found a hazy altar of Hepliaklqana.
  2392 | D:3      | Reached skill level 4 in Unarmed Combat
  2397 | D:3      | Reached XP level 6. HP: 8/42 MP: 10/10
  2599 | D:3      | Found a glowing drain.
  2612 | Sewer    | Entered a sewer
  2761 | Sewer    | Learned a level 3 spell: Conjure Flame
  2779 | Sewer    | Reached skill level 1 in Conjurations
  3264 | D:3      | Reached skill level 5 in Unarmed Combat
  3394 | D:3      | Learned a level 2 spell: Blink
  3455 | D:4      | Found Goibionn's Armour Emporium.
  3650 | D:4      | Found an ornate altar of the Wu Jian Council.
  4006 | D:4      | Found a sparkling altar of Nemelex Xobeh.
  4009 | D:4      | Found a bloodstained altar of Trog.
  4013 | D:4      | Reached XP level 7. HP: 35/46 MP: 11/11
  4697 | D:4      | Found a deep blue altar of Sif Muna.
  4769 | D:5      | Entered Level 5 of the Dungeon
  4781 | D:5      | Found a shadowy altar of Dithmenos.
  4798 | D:5      | Reached skill level 6 in Unarmed Combat
  5130 | D:5      | Noticed a hand axe
  5130 | D:5      | Noticed a hand axe
  5131 | D:5      | Found a hide-covered altar of Uskayaw.
  5172 | D:5      | Reached skill level 7 in Unarmed Combat
  5227 | D:5      | Noticed Ijyb
  5238 | D:5      | Killed Ijyb
  5238 | D:5      | Reached XP level 8. HP: 49/52 MP: 9/12
  5606 | D:6      | Found a basalt altar of Yredelemnul.
  6156 | D:6      | Reached skill level 8 in Unarmed Combat
  7191 | D:6      | Reached skill level 9 in Unarmed Combat
  7906 | D:7      | Found Ceipluam's Antique Weapon Shop.
  7932 | D:7      | Noticed Menkaure
  8033 | D:7      | Killed Menkaure
  8185 | D:7      | Found a blossoming altar of Fedhas.
  8187 | D:7      | Noticed Prince Ribbit
  8211 | D:7      | Killed Prince Ribbit
  8211 | D:7      | Reached skill level 10 in Unarmed Combat
  8211 | D:7      | Reached XP level 9. HP: 10/56 MP: 8/13
  8457 | D:7      | Found a sacrificial altar of Ru.
  8494 | D:7      | Found a snail-covered altar of Cheibriados.
  8502 | D:7      | Became a worshipper of Cheibriados the Contemplative
  8593 | D:7      | Found a stormy altar of Qazlal.
  8616 | D:7      | Noticed a hornet
  8620 | D:7      | Paralysed by a hornet for 2 turns
  8626 | D:7      | Killed a hornet
  8626 | D:7      | Reached skill level 1 in Invocations
  9000 | D:7      | Noticed Dowan
  9003 | D:7      | Noticed Duvessa
  9026 | D:7      | Killed Duvessa
  9029 | D:7      | Killed Dowan
  9198 | D:7      | Found a staircase to the Ecumenical Temple.
  9931 | D:8      | Found a shattered altar of Ashenzari.
  9933 | D:8      | Found a radiant altar of Vehumet.
 10029 | D:8      | Reached skill level 5 in Fighting
 10139 | D:8      | Reached * piety under Cheibriados
 10364 | D:8      | Reached skill level 1 in Fire Magic
 10458 | D:8      | Noticed Harold
 10504 | D:8      | Killed Harold
 10504 | D:8      | Reached skill level 5 in Fire Magic
 10504 | D:8      | Reached XP level 10. HP: 37/68 MP: 10/14
 10634 | D:8      | Noticed a two-headed ogre
 10634 | D:8      | Noticed Pyrris's ghost (novice DsGl)
 10637 | D:8      | Found a transporter.
 10639 | D:8      | Found a transporter.
 10645 | D:8      | Learned a level 4 spell: Sticky Flame
 10733 | D:8      | Reached skill level 1 in Dodging
 11012 | D:8      | Found a basalt altar of Yredelemnul.
 11521 | D:9      | Found an opulent altar of Gozag.
 11775 | D:9      | Reached ** piety under Cheibriados
 12375 | D:9      | Found a staircase to the Orcish Mines.
 12907 | D:9      | Reached skill level 5 in Dodging
 13465 | D:9      | Reached *** piety under Cheibriados
 14003 | D:9      | Noticed a two-headed ogre
 14022 | D:9      | Killed a two-headed ogre
 14022 | D:9      | Reached XP level 11. HP: 29/72 MP: 0/15
 14510 | D:10     | Entered Level 10 of the Dungeon
 14648 | D:10     | Reached skill level 5 in Shields
 15034 | D:10     | Reached **** piety under Cheibriados
 15126 | D:10     | Found Faut's Gadget Shoppe.
 16218 | D:11     | Found a staircase to the Lair.
 16473 | D:11     | Found Jovvodiang's Food Emporium.
 16522 | D:11     | Reached skill level 11 in Unarmed Combat
 16585 | D:11     | Found a portal to a secret trove of treasure.
 16748 | Lair:1   | Entered Level 1 of the Lair of Beasts
 16865 | Lair:1   | Reached ***** piety under Cheibriados
 16869 | Lair:1   | Reached skill level 1 in Poison Magic
 17256 | Lair:1   | Noticed a six-headed hydra
 17262 | Lair:1   | Reached XP level 12. HP: 55/79 MP: 9/16
 17268 | Lair:1   | Killed a six-headed hydra
 17751 | Lair:1   | Found a runed gate.
 17754 | Lair:1   | Found a runed gate.
 17754 | Lair:1   | Found a runed gate.
 17754 | Lair:1   | Noticed a seven-headed hydra
 17760 | Lair:1   | Killed a seven-headed hydra
 17765 | Lair:1   | Demolished by a komodo dragon

Vault maps used:
D:1:      erik_arrival_orb_chamber
D:3:      lemuel_crystal_altar, cheibrodos_sewer_entry_drain
D:4:      nicolae_overflow_crystal_walls, lemuel_blue_sif_altar, minitemple,
          serial_shops, shop, first_ration, minmay_bisected
D:5:      dancing_weapons_uskayaw, minmay_misc_feat_pillars,
          nicolae_dithmenos_shadow_blocks, uniq_ijyb
D:6:      basic_altar, serial_bayou_pond_e, st_stairs_10,
          minmay_item_behind_shaft
D:7:      nicolae_ru_great_annihilating_truth, grunt_temple_overflow_open,
          overflow_temple_1_default, minmay_temple_entry_large_hall,
          serial_shops, nicolae_shop_waterfront, uniq_menkaure, uniq_duvessa,
          uniq_prince_ribbit1
D:8:      overflow_temple_1_default, lemuel_zombie_altar_yredelemnul,
          gammafunk_ghost_smash, ashenzari_altar_1, uniq_harold
D:9:      nicolae_overflow_hidden_temple, kennysheep_orc_monster_closet_entryway
D:10:     serial_shops, shop
D:11:     due_lair_maze_entry_diamond, nicolae_trove_entry_columns,
          serial_shops, shop
Lair:1:   maelrawn_ghost_labyrinth_escape, grunt_megastairs_2, uniq_fannar
Sewer:    sewer_the_crocodile

Skill      XL: |  1  2  3  4  5  6  7  8  9 10 11 12 |
---------------+-------------------------------------+-----
Unarmed Combat | 1 2 3 4 5 7 10 11 | 11.9
Spellcasting   | 1 2 3 |  3.0
Conjurations   | 2 3 |  3.0
Invocations    | 4 |  4.0
Fighting       | 6 |  6.0
Fire Magic     | 5 |  5.1
Dodging        | 7 |  7.0
Shields        | 3 8 9 |  9.1
Poison Magic   | 3 4 |  4.0
Maces & Flails | |  2.0
Stealth        | |  1.3
Hexes          | |  1.0
Summonings     | |  2.0

Action                   |  1- 3 |  4- 6 |  7- 9 | 10-12 || total
-------------------------+-------+-------+-------+-------++-------
Melee: Mace              |    57 |    84 |       |       ||   141
       Constrict         |    19 |    50 |    48 |    61 ||   178
       Tentacles         |     6 |    32 |    51 |    94 ||   183
       Punch             |       |     1 |    13 |    35 ||    49
       Unarmed           |       |    47 |   243 |   298 ||   588
       Short sword       |       |    41 |       |       ||    41
 Fire: Blowgun           |       |       |     5 |       ||     5
Throw: Throwing net      |       |     1 |       |       ||     1
 Cast: Magic Dart        |    12 |     2 |    47 |    75 ||   136
       Call Imp          |     3 |    11 |    35 |     7 ||    56
       Conjure Flame     |       |       |     5 |     4 ||     9
       Mephitic Cloud    |       |       |     5 |     5 ||    10
       Sticky Flame      |       |       |       |    58 ||    58
       Blink             |       |       |       |     3 ||     3
Invok: Slouch            |       |       |       |     2 ||     2
Evoke: Wand              |       |       |     1 |    22 ||    23
  Use: Scroll            |       |    10 |     9 |     6 ||    25
       Potion            |       |     3 |     4 |     2 ||     9
 Stab: Sleeping          |     8 |    11 |    11 |     2 ||    32
       Distracted        |       |       |     1 |     1 ||     2
       Confused          |       |       |     1 |     1 ||     2
  Eat: Chunk             |     1 |    10 |    14 |    23 ||    48
       Ration            |       |       |     3 |     1 ||     4
Armor: Skin              |     6 |    36 |    15 |    19 ||    76
Dodge: Dodged            |    29 |   111 |    68 |   156 ||   364
Block: Shield            |       |       |       |   117 ||   117

Table legend:
 A = Non-vault XP
 B = Vault XP
 C = Vault XP percentage of total XP
 D = Non-vault monster count
 E = Vault monster count
 F = Vault count percentage of total count
                 A         B        C        D         E       F
            +---------+---------+-------+---------+---------+-------
      Total |   16613 |    4936 |  22.9 |     276 |      70 |  20.2
            +---------+---------+-------+---------+---------+-------
        D:1 |      25 |      12 |  32.4 |      14 |      12 |  46.2
        D:2 |     127 |       0 |   0.0 |      31 |       0 |   0.0
        D:3 |     239 |       9 |   3.6 |      43 |       3 |   6.5
        D:4 |     197 |     120 |  37.9 |      14 |       4 |  22.2
        D:5 |     361 |      36 |   9.1 |      16 |       1 |   5.9
        D:6 |     769 |     101 |  11.6 |      24 |       3 |  11.1
        D:7 |     430 |     621 |  59.1 |       8 |       8 |  50.0
        D:8 |    1439 |    1093 |  43.2 |      27 |       5 |  15.6
        D:9 |    2431 |    1512 |  38.3 |      36 |      17 |  32.1
       D:10 |     904 |      88 |   8.9 |      22 |       1 |   4.3
       D:11 |    3100 |    1148 |  27.0 |      19 |       9 |  32.1
     Lair:1 |    6591 |     105 |   1.6 |      22 |       1 |   4.3
      Sewer |       0 |      91 | 100.0 |       0 |       6 | 100.0
            +---------+---------+-------+---------+---------+-------
